 Dungeon Crawl Stone Soup version 0.31.0-11-ge490571c62 (webtiles) character file.

Game seed: 16010689366589275134

1437 DildoBatman the Conjurer (level 9, -2/97 (99) HPs)
             Began as a Formicid Conjurer on Feb 10, 2024.
             Was an Initiate of Gozag.
             Slain by an orc knight
             ... wielding a +0 halberd
              (9 damage)
             ... in a bailey.
             The game lasted 00:24:37 (6938 turns).

DildoBatman the Conjurer (Formicid Conjurer)        Turns: 6938, Time: 00:24:38

HP:   -2/97 (99)    AC: 24    Str: 12    XL:     9   Next: 3%
MP:   17/17         EV:  2    Int: 20    God:    Gozag
Gold: 855           SH:  0    Dex: 16    Spells: 13/19 levels left

rFire   + . .        h - +2 halberd (drain)
rCold   . . .        (no shield)
rNeg    . . .        d - melded +0 robe
rPois   +            (helmet unavailable)
rElec   .            z - melded +0 cloak
rCorr   .            G - melded +0 pair of gloves
SInv    .            (boots currently unavailable)
Will    .....        (no amulet)
Stlth   ++           t - ring of protection from fire
HPRegen 0.36/turn    (no ring)
MPRegen 0.15/turn

%: no passive effects
@: tree-form, lightly drained
A: stationary, stasis, torment immunity, boosted hp, permanent stasis, dig
shafts and tunnels, (antennae 3), four strong arms, (hooves 1), agile 1, (cold
resistance 1)
a: Renounce Religion, Potion Petition, Call Merchant, Bribe Branch


You were in a bailey.
You worshipped Gozag.
Gozag was pleased with you.
You were a tree.
You visited 2 branches of the dungeon, and saw 8 of its levels.
You also visited: Bailey.

You collected 929 gold pieces.
You paid 74 gold pieces to Gozag.

Inventory:

Hand Weapons
 a - a +1 dagger of venom
 h - a +2 halberd of draining (weapon)
 C - a +2 vampiric whip
 D - a +1 whip of freezing
 K - a +0 halberd of electrocution
Missiles
 g - 12 poisoned darts
 i - 47 stones
 y - 7 boomerangs
Armour
 d - a +0 robe (melded)
 l - a +0 kite shield
 q - a scarf of repulsion
 w - a scarf of resistance
 z - a +0 cloak (melded)
 G - a +0 pair of gloves (melded)
Magical Staves
 J - a staff of fire
Jewellery
 t - a ring of protection from fire (left branch)
Talismans
 H - a beast talisman
Wands
 r - a wand of flame (35)
Scrolls
 c - a scroll of vulnerability {unknown}
 e - a scroll of fear {unknown}
 f - a scroll of fog {unknown}
 j - a scroll of poison {unknown}
 k - a scroll of immolation {unknown}
 n - a scroll of blinking {unknown}
 p - 2 scrolls of amnesia
 x - a scroll of revelation {unknown}
 B - a scroll of silence {unknown}
 F - 2 scrolls of teleportation {unknown}
 I - a scroll of noise {unknown}
Potions
 b - a potion of brilliance {unknown}
 m - 2 potions of curing
 o - a potion of heal wounds {unknown}
 s - 3 potions of mutation
 u - 3 potions of cancellation
 v - a potion of lignification
 A - 2 potions of magic
 E - a potion of berserk rage {unknown}


   Skills:
 * Level 4.5 Fighting
 * Level 4.7 Armour
 - Level 3.0 Dodging
 - Level 3.0 Stealth
 * Level 2.5 Shields
 + Level 5.7 Spellcasting
 - Level 6.0 Conjurations


You had 13 spell levels left.
You knew the following spells:

 Your Spells              Type           Power      Damage    Failure   Level
a - Searing Ray           Conj           58%        2d6       1%          2
b - Vampiric Draining     Necr           5%         2d6       32%         3
c - Magic Dart            Conj           100%       1d8       1%          1

Your spell library contained the following spells:

 Spells                   Type           Power      Damage    Failure   Level
 Slow                     Hex            20%        N/A       11%         1
 Fulminant Prism          Conj/Alch      8%         3d7       30%         4
 Iskenderun's Mystic Bla  Conj/Tloc      17%        2d5       30%         4
 Confusing Touch          Hex            5%         N/A       32%         3
 Sigil of Binding         Hex            5%         N/A       32%         3


Dungeon Overview and Level Annotations

Branches:
Dungeon (7/15)             Temple (1/1) D:4          Bailey (1/1)

Altars:
Ashenzari
Cheibriados
Dithmenos
Elyvilon
Fedhas
Gozag
Nemelex Xobeh
Okawaru
Qazlal
Ru
Sif Muna
Wu Jian
Xom
Yredelemnul
Zin

Shops:
D:6 (*(

Annotations:
D:6 exclusion: wraith
D:7 Pikel


Innate Abilities, Weirdness & Mutations

You are a tree.
Your roots penetrate the ground, keeping you stationary.
You cannot be teleported.
You are immune to unholy pain and torment.
Your maximum health is greatly increased.
Your equipment is partially melded.
You cannot be hasted, slowed, berserked, paralysed or teleported.
You can dig through walls and to a lower floor.
((You have a pair of large antennae on your head. (SInv)))
Your four strong arms can wield two-handed weapons with a shield.
((You have large cloven feet.))
You are agile. (Dex +4, Str/Int -1)
((Your flesh is cold resistant. (rC+)))


Message History

The orc knight hits you but does no damage.
The gnoll hits you but does no damage.
The orc knight hits you from afar with a +0 halberd!!
The gnoll hits you but does no damage.
You reach to attack!
You slash the orc knight!
The orc knight is lightly wounded.
The orc knight hits you but does no damage.
The gnoll hits you from afar with a +2 halberd of electrocution!
You reach to attack!
You miss the orc knight.
The orc knight is lightly wounded.
The orc knight hits you but does no damage.
The gnoll hits you from afar with a +2 halberd of electrocution.
You are electrocuted!
The orc knight hits you from afar with a +0 halberd!
The gnoll hits you but does no damage.
You are electrocuted!
You reach to attack!
You closely miss the orc knight.
The orc knight is lightly wounded.
The orc knight hits you from afar with a +0 halberd.
The gnoll hits you from afar with a +2 halberd of electrocution!
You feel better.
The orc knight hits you but does no damage.
The gnoll hits you but does no damage.
You reach to attack!
You hit the orc knight.
The orc knight is lightly wounded.
The orc knight hits you from afar with a +0 halberd!
The gnoll hits you from afar with a +2 halberd of electrocution.
The orc knight hits you but does no damage.
The gnoll hits you but does no damage.
You are electrocuted!
You reach to attack!
You hit the orc knight.
The orc knight is moderately wounded.
The orc knight hits you from afar with a +0 halberd!
You die...
Your body crumbles into a pile of gold.

### ##### ### ###
#∩## ##.+.###)###)#
##'##+##+###+##'##'##
##.....## ##.....##
#....o#####.....###
{+..∩..'♣#.'..⌠..')#
#....g#####...{.###
#.....## ##....{##
+##'##'###'##+##o##
#)###)#.## ##.# ###
##### ### #{# {
#.#.###{###{# +##+
+###'##'##{## #!.!
##....{##


You could see an orc knight and a gnoll.

Vanquished Creatures
  3 black bears
  An ice beast (D:6)
  2 phantoms (D:5)
  A lemure (D:6)
  A bullfrog (D:7)
  3 scorpions
  5 killer bees
  An orc priest (D:7)
  A hound (D:6)
  2 orc wizards (D:4)
  Ijyb (D:3)
  An iguana (D:6)
  11 gnolls
  6 adders
  A shadow imp (D:5)
  4 ufetubi (D:5)
  4 ribbon worms
  18 orcs
  7 endoplasms
  2 giant cockroaches (D:1)
  3 goblins
  4 hobgoblins
  4 jackals (D:1)
  5 kobolds
  6 quokkas
  8 ball pythons
  4 bats
  A frilled lizard (D:3)
  10 rats
  2 butterflies (D:6)
122 creatures vanquished.

Notes
Turn   | Place    | Note
-------+----------+-------------------------------------------
     0 | D:1      | DildoBatman the Formicid Conjurer began the quest for the
                  | Orb.
     0 | D:1      | Reached XP level 1. HP: 13/13 MP: 3/3
   186 | D:1      | Reached XP level 2. HP: 20/20 MP: 1/5
   189 | D:1      | Learned a level 2 spell: Searing Ray
   710 | D:2      | Reached skill level 1 in Fighting
   710 | D:2      | Reached skill level 1 in Armour
   710 | D:2      | Reached XP level 3. HP: 7/26 MP: 0/6
  1160 | D:2      | Found a shadowy altar of Dithmenos.
  1303 | D:3      | Noticed Ijyb
  1555 | D:3      | Found an opulent altar of Gozag.
  1561 | D:3      | Became a worshipper of Gozag Ym Sagoz the Greedy
  1797 | D:3      | Found an ornate altar of the Wu Jian Council.
  2187 | D:1      | Reached XP level 4. HP: 32/32 MP: 4/7
  2427 | D:4      | Reached skill level 4 in Conjurations
  2756 | D:4      | Reached XP level 5. HP: 38/38 MP: 4/9
  3148 | D:3      | Killed Ijyb
  3149 | D:3      | Reached XP level 6. HP: 11/46 MP: 0/10
  3315 | D:4      | Found a staircase to the Ecumenical Temple.
  3324 | Temple   | Entered the Ecumenical Temple
  3719 | D:5      | Entered Level 5 of the Dungeon
  3722 | D:5      | Noticed a black bear
  3805 | D:5      | Noticed a black bear
  4186 | D:5      | Found a stormy altar of Qazlal.
  4248 | D:5      | Reached XP level 7. HP: 35/52 MP: 0/13
  4355 | D:4      | Reached skill level 5 in Conjurations
  4830 | D:5      | Reached skill level 5 in Spellcasting
  4910 | D:5      | Reached XP level 8. HP: 45/58 MP: 6/15
  5401 | D:5      | Gained mutation: You have hidden genetic defects. [potion
                  | of mutation]
  5401 | D:5      | Gained mutation: Your mind is acute. (Int +4, Str/Dex -1)
                  | [potion of mutation]
  5401 | D:5      | Gained mutation: You have large cloven feet. [potion of
                  | mutation]
  5401 | D:5      | Gained mutation: Your flesh is cold resistant. (rC+)
                  | [potion of mutation]
  5520 | D:6      | Found a shimmering altar of Xom.
  5522 | D:6      | Found Hiotyel's General Store.
  5522 | D:6      | Found a white marble altar of Elyvilon.
  5667 | D:6      | Found Diaqatun's Weapon Emporium.
  5687 | D:6      | Found Tisuid's Weapon Shoppe.
  5688 | D:6      | Lost mutation: You have hidden genetic defects. [potion of
                  | mutation]
  5688 | D:6      | Lost mutation: Your mind is acute. (Int +4, Str/Dex -1)
                  | [potion of mutation]
  5688 | D:6      | Gained mutation: You are agile. (Dex +4, Str/Int -1)
                  | [potion of mutation]
  5870 | D:6      | Learned a level 3 spell: Vampiric Draining
  6021 | D:6      | Noticed a wraith
  6133 | D:6      | Reached skill level 1 in Shields
  6133 | D:6      | Reached skill level 6 in Conjurations
  6355 | D:7      | Noticed Pikel
  6566 | D:7      | Found a flagged portal.
  6575 | Bailey   | Entered a bailey
  6633 | Bailey   | Reached XP level 9. HP: 62/66 MP: 17/17
  6853 | Bailey   | Noticed an orc knight
  6938 | Bailey   | Slain by an orc knight

Illustrated notes

Levels and vault maps discovered:
D:1:      lightli_arrival_boilingwater, layout_basic
D:2:      layout_basic, basic_altar
D:3:      layout_basic, grunt_gozag_statues, nzn_wu_jian_council_hall,
          minmay_misc_feat_columns, uniq_ijyb
D:4:      layout_gridville, minmay_temple_entry_waves
D:5:      layout_cave_pools, nicolae_qazlal_eye_of_the_storm
D:6:      layout_loops_ring, elyvilon_altar_5, xom_butterflies, serial_shops,
          nicolae_shop_competitors_out_of_business, shop, shop
D:7:      layout_cave_pools, kiku_gazebo_pond_becter, enter_bailey_8,
          uniq_jeremiah, uniq_pikel, uniq_prince_ribbit1
Temple:   zaba_magenta_temple
Bailey:   bailey_polearm_nasty_gnolls, bailey

Skill      XL: |  1  2  3  4  5  6  7  8 |
---------------+-------------------------+-----
Dodging        | 2 3 |  3.0
Fighting       | 1 2 3 4 |  4.5
Armour         | 1 2 3 4 |  4.7
Stealth        | 3 |  3.0
Conjurations   | 4 5 6 |  6.0
Spellcasting   | 3 4 5 |  5.7
Shields        | 2 |  2.5

Action                     |  1- 3 |  4- 6 |  7- 9 || total
---------------------------+-------+-------+-------++-------
  Melee: Spear             |     7 |       |       ||     7
         Rapier            |    11 |    20 |       ||    31
         Dagger            |       |     9 |    24 ||    33
         Short sword       |       |     8 |       ||     8
         Whip              |       |       |    29 ||    29
         Kick              |       |       |    13 ||    13
         Punch             |       |       |     1 ||     1
         Halberd           |       |       |    14 ||    14
   Cast: Magic Dart        |    51 |    65 |    41 ||   157
         Searing Ray       |     4 |    15 |    25 ||    44
  Evoke: Wand              |       |     3 |     6 ||     9
    Use: Scroll            |       |       |     6 ||     6
         Potion            |       |       |     4 ||     4
   Stab: Sleeping          |       |       |     5 ||     5
 Armour: Robe              |    17 |    52 |    89 ||   158
         Skin              |       |       |    21 ||    21
  Dodge: Dodged            |    22 |    54 |    82 ||   158
         Repelled          |       |     2 |       ||     2
